 Dungeon Crawl Stone Soup version 0.31.0-11-ge490571c62 (webtiles) character file.

Game seed: 2384364581887974786

2317 mopl the Chopper (level 9, -14/66 (71) HPs)
             Began as a Demonspawn Fighter on Jan 31, 2024.
             Was a Believer of Makhleb.
             Demolished by an orc knight
             ... wielding a +0 halberd
              (19 damage)
             ... in a bailey.
             The game lasted 00:10:47 (7345 turns).

mopl the Chopper (Demonspawn Fighter)               Turns: 7345, Time: 00:10:47

HP:   -14/66 (71)   AC: 13    Str: 20    XL:     9   Next: 18%
MP:   11/11         EV:  9    Int: 10    God:    Makhleb [**....]
Gold: 384           SH:  4    Dex: 12    Spells: 8/8 levels left

rFire   . . .        a - +0 war axe
rCold   . . .        c - +0 buckler
rNeg    . . .        s - +0 chain mail
rPois   .            n - +0 helmet
rElec   .            (no cloak)
rCorr   .            (no gloves)
SInv    .            m - +0 pair of boots
Will    .....        (no amulet) Stlth
                     (no ring)
HPRegen 0.31/turn    (no ring)
MPRegen 0.12/turn

%: no passive effects
@: mighty, drained
A: rugged brown scales 1, powered by death 1, spiny 2
a: Renounce Religion, Minor Destruction


You were in a bailey.
You worshipped Makhleb.
Makhleb was pleased with you.
You visited 2 branches of the dungeon, and saw 8 of its levels.
You also visited: Sewer and Bailey.

You collected 384 gold pieces.

Inventory:

Hand Weapons
 a - a +0 war axe (weapon)
 b - the +1 hand axe of the Loving Gods {pain, rF+ Dex+4}
   (You found it on level 4 of the Dungeon)

   Dex+4:     It affects your dexterity (+4).
   rF+:       It protects you from fire.
 v - a +3 sling
 A - a +2 dagger of draining
Missiles
 q - 13 boomerangs (quivered)
 t - 29 poisoned darts
 H - a curare-tipped dart
Armour
 c - a +0 buckler (worn)
 m - a +0 pair of boots (worn)
 n - a +0 helmet (worn)
 s - a +0 chain mail (worn)
Jewellery
 o - a +4 ring of protection
Wands
 y - a wand of digging (9)
 G - a wand of flame (19)
Scrolls
 f - 2 scrolls of silence {unknown}
 h - 2 scrolls of summoning {unknown}
 i - 4 scrolls of teleportation {unknown}
 j - 3 scrolls of revelation {unknown}
 k - a scroll of blinking {unknown}
 p - 3 scrolls of enchant armour {unknown}
 u - 2 scrolls of immolation {unknown}
 x - a scroll of vulnerability {unknown}
 z - a scroll of noise {unknown}
 C - a scroll of fog {unknown}
 E - a scroll of enchant weapon {unknown}
Potions
 d - 2 potions of might
 e - 2 potions of heal wounds
 g - a potion of lignification {unknown}
 l - 2 potions of resistance
 r - 4 potions of mutation
 w - a potion of enlightenment
 B - a potion of cancellation
 D - 2 potions of curing
 F - 2 potions of attraction
 I - a potion of haste {unknown}
 J - a potion of magic {unknown}


   Skills:
 + Level 5.7 Fighting
 * Level 6.6 Axes
 + Level 3.3 Throwing
 + Level 5.2 Armour
 + Level 4.1 Dodging
 - Level 2.6 Shields
 + Level 3.1 Invocations
 + Level 2.5 Evocations


You had 8 spell levels left.
You didn't know any spells.
Your spell library contained the following spells:

 Spells                   Type           Power      Damage    Failure   Level
 Magic Dart               Conj           0%         1d3       98%         1
 Searing Ray              Conj           0%         2d4       99%         2
 Ozocubu's Armour         Ice            0%         N/A       100%        3
 Fulminant Prism          Conj/Alch      0%         3d5       100%        4
 Iskenderun's Battlesphe  Conj           0%         2d6       100%        5
 Metabolic Englaciation   Hex/Ice        0%         N/A       100%        5
 Bombard                  Conj/Erth      0%         9d1       100%        6
 Sculpt Simulacrum        Ice/Alch       0%         N/A       100%        6
 Spellforged Servitor     Conj/Summ      0%         N/A       100%        7


Dungeon Overview and Level Annotations

Branches:
Dungeon (7/15)             Temple (1/1) D:5           Sewer (visited)
 Bailey (1/1)

Altars:
Ashenzari
Cheibriados
Dithmenos
Fedhas
Hepliaklqana
Makhleb
Nemelex Xobeh
Okawaru
Qazlal
Ru
Trog
Uskayaw
Vehumet
Wu Jian
Yredelemnul

Annotations:
D:6 exclusion: oklob plant


Innate Abilities, Weirdness & Mutations

You are partially covered in rugged brown scales. (AC +1, +3% HP)
You regenerate a little health from kills.
You are mostly covered in sharp spines.


Message History

There is an open door here.
You see here a +2 halberd of draining.
Things that are here:
a +0 halberd of electrocution; a gnoll corpse
There is an open door, spattered with blood here.
There is an open door here.
Things that are here:
a +1 halberd of electrocution; a gnoll corpse
There is an open door here.
There is an open door here.
You feel very mighty all of a sudden.
The orc knight hits you with a +0 halberd!!
You slice the orc knight!!
The orc knight is heavily wounded.
The gnoll hits you but does no damage.
You are electrocuted!!
The orc knight is struck by your spines.
The orc knight hits you with a +0 halberd!!
* * * LOW HITPOINT WARNING * * *
You are too injured to fight recklessly!
You feel much better. The gnoll misses you.
The orc knight is struck by your spines.
The orc knight hits you with a +0 halberd!
You closely miss the orc knight.
The orc knight is heavily wounded.
The gnoll hits you but does no damage.
The orc knight hits you with a +0 halberd!
* * * LOW HITPOINT WARNING * * *
The gnoll misses you.
You completely miss the orc knight.
The orc knight is heavily wounded.
The orc knight hits you with a +0 halberd!
* * * LOW HITPOINT WARNING * * *
The gnoll hits you from afar with a +2 halberd of electrocution.
* * * LOW HITPOINT WARNING * * *
You block the orc knight's attack.
You slash the orc knight!
The orc knight is severely wounded.
You block the gnoll's attack.
The orc knight hits you with a +0 halberd!!
You die...

+!.⌠. #)'..⌠..+
#.!.! ###..g..# #!.!
##.....## +##+
+###'##+##'## #g#.##
##)# ## ### #####
### #g#
)###)###.#)###)###g#
#'##'##'###'##'##o##
##.....## ##....@##
##.....### #.....#
.'..∩..')# +..⌠..+
##.....### #.....#
##.....## ##.....#
#'##'##'###'##+##+
∩###.###)'.## ## ###
#####


You could see an orc knight and 2 gnolls.

Vanquished Creatures
  3 sky beasts (D:6)
  A black bear (D:4)
  A phantom (D:6)
  2 ogres
  3 kobold brigands
  A bullfrog (D:7)
  2 brain worms (Sewer)
  2 scorpions
  3 bombardier beetles
  6 jellies
  3 orc priests
  2 hounds
  6 iguanas
  5 orc wizards
  17 gnolls
  3 river rats (Sewer)
  12 adders
  A white imp (D:5)
  A dart slug (D:3)
  26 orcs
  7 bats
  21 endoplasms
  5 giant cockroaches
  9 hobgoblins
  7 jackals
  6 quokkas
  14 ball pythons
  12 frilled lizards (D:1)
  7 goblins
  15 kobolds
  12 rats
215 creatures vanquished.

Notes
Turn   | Place    | Note
-------+----------+-------------------------------------------
     0 | D:1      | mopl the Demonspawn Fighter began the quest for the Orb.
     0 | D:1      | Reached XP level 1. HP: 18/18 MP: 1/1
   124 | D:1      | Reached skill level 2 in Axes
   216 | D:1      | Gained mutation: You are partially covered in rugged brown
                  | scales. (AC +1, +3% HP) [demonic ancestry]
   216 | D:1      | Reached XP level 2. HP: 16/24 MP: 2/2
   548 | D:1      | Reached XP level 3. HP: 29/29 MP: 3/3
  1081 | D:2      | Reached skill level 1 in Dodging
  1380 | D:2      | Reached XP level 4. HP: 36/36 MP: 4/4
  1555 | D:2      | Reached skill level 3 in Axes
  1889 | D:2      | Gained mutation: You regenerate a little health from kills.
                  | [demonic ancestry]
  1889 | D:2      | Reached XP level 5. HP: 33/43 MP: 5/5
  2091 | D:3      | Found a glowing drain.
  2124 | Sewer    | Entered a sewer
  2168 | Sewer    | Reached XP level 6. HP: 48/49 MP: 6/6
  2210 | Sewer    | Reached skill level 4 in Axes
  2485 | Sewer    | Gained mutation: You are partially covered in sharp spines.
                  | [demonic ancestry]
  2485 | Sewer    | Reached XP level 7. HP: 52/56 MP: 5/7
  2489 | Sewer    | Reached skill level 1 in Throwing
  3028 | D:3      | Found a faded altar of an unknown god.
  3648 | D:4      | Found a basalt altar of Yredelemnul.
  3705 | D:4      | Reached skill level 5 in Axes
  3972 | D:4      | Identified the +1 hand axe of the Loving Gods {pain, rF+
                  | Dex+4}
  4653 | D:4      | Gained mutation: You are mostly covered in sharp spines.
                  | [demonic ancestry]
  4653 | D:4      | Reached XP level 8. HP: 62/62 MP: 8/8
  4721 | D:5      | Entered Level 5 of the Dungeon
  4815 | D:5      | Reached skill level 5 in Fighting
  4948 | D:5      | Found a staircase to the Ecumenical Temple.
  4980 | Temple   | Entered the Ecumenical Temple
  5009 | Temple   | Became a worshipper of Makhleb the Destroyer
  5210 | D:5      | Reached skill level 1 in Evocations
  5230 | D:5      | Reached skill level 1 in Invocations
  5321 | D:5      | Found a sacrificial altar of Ru.
  5442 | D:6      | Identified the +1 robe of Objectivity {Int+2}
  5570 | D:6      | Found a stormy altar of Qazlal.
  5829 | D:6      | Reached skill level 6 in Axes
  5850 | D:6      | Reached * piety under Makhleb
  6089 | D:6      | Reached skill level 5 in Armour
  6678 | D:6      | Noticed an oklob plant
  6683 | D:6      | Reached XP level 9. HP: 50/70 MP: 11/11
  6866 | D:7      | Found a hazy altar of Hepliaklqana.
  6966 | D:7      | Found a flagged portal.
  6983 | Bailey   | Entered a bailey
  7230 | Bailey   | Reached ** piety under Makhleb
  7320 | Bailey   | Noticed an orc knight
  7341 | Bailey   | HP: 3/66 [orc knight/+0 halberd (24)]
  7345 | Bailey   | Demolished by an orc knight

Illustrated notes

Levels and vault maps discovered:
D:1:      evilmike_arrival_rings, layout_basic, grunt_decor_one_mirror,
          chequers_jeans, minmay_lizard_king
D:2:      layout_loops_cross
D:3:      layout_rooms, gup_sewer_entry_glass, serial_rivers,
          chequers_serial_rivers_room_a, chequers_serial_rivers_small_3,
          chequers_serial_rivers_large_a, chequers_serial_rivers_micro_d,
          chequers_serial_rivers_micro_c, chequers_serial_rivers_marsh,
          ebering_ecumenical_altar_rust, nicolae_the_louvre
D:4:      layout_basic, mainiacjoe_overflow_24_doors
D:5:      layout_cave_pools, old_standard_altar, temple_pool_b, hex_medium
D:6:      lemuel_slime, layout_layer_cave, nicolae_qazlal_scattered_showers
D:7:      layout_loops_ring, mainiacjoe_overflow_tiny_flanked,
          mainiacjoe_overflow_alcove_1, lemuel_tele_altar, enter_bailey_6
Temple:   nicolae_temple_godzebo
Bailey:   bailey_polearm_nasty_gnolls, bailey

Skill      XL: |  1  2  3  4  5  6  7  8  9 |
---------------+----------------------------+-----
Axes           | 2 3 4 5 6 |  6.6
Armour         | 3 4 5 |  5.2
Dodging        | 1 2 3 4 |  4.1
Fighting       | 4 5 |  5.7
Throwing       | 2 3 |  3.3
Evocations     | 2 |  2.5
Invocations    | 2 3 |  3.1
Shields        | |  2.6

Action                     |  1- 3 |  4- 6 |  7- 9 || total
---------------------------+-------+-------+-------++-------
  Melee: War axe           |   137 |   202 |   264 ||   603
    Use: Potion            |       |       |     3 ||     3
         Scroll            |       |       |     6 ||     6
 Armour: Scale mail        |   110 |    20 |       ||   130
         Chain mail        |       |   167 |   169 ||   336
  Dodge: Dodged            |    76 |    86 |    92 ||   254
  Block: Buckler           |    43 |    48 |    56 ||   147
